 Dungeon Crawl Stone Soup version 0.31.0-11-ge490571c62 (webtiles) character file.

Game seed: 14860177640493003317

186 solopath the Ruffian (level 5, -3/42 HPs)
             Began as a Demonspawn Chaos Knight on Feb 2, 2024.
             Was a Plaything of Xom.
             Frozen to death by an endoplasm (5 damage)
             ... on level 4 of the Dungeon.
             The game lasted 00:03:10 (2665 turns).

solopath the Ruffian (Demonspawn Chaos Knight)      Turns: 2665, Time: 00:03:11

Health: -3/42      AC:  5    Str: 12 (15) XL:     5   Next: 38%
Magic:  5/5        EV: 13    Int: 11 (12) God:    Xom [.....*]
Gold:   132        SH:  0    Dex: 10 (12) Spells: 4/4 levels left

rFire   . .          .
                       - Unarmed
rCold   . . .        (no shield)
rNeg    . . .        a - +2 leather armour
rPois   .            (no helmet)
rElec   .            (no cloak)
rCorr   .            (no gloves)
SInv    .            (no boots)
Will    .....        (no amulet)
Stlth   +            (no ring)
HPRegen 0.27/turn    (no ring)
MPRegen 0.18/turn

%: no passive effects
@: cleaving
A: repulsion field 1, foul stench 2, magic regeneration
a: Renounce Religion


You were on level 4 of the Dungeon.
You worshipped Xom.
You were Xom's teddy bear.
You visited 1 branch of the dungeon, and saw 4 of its levels.

You collected 132 gold pieces.

Inventory:

Armour
 a - a +2 leather armour (worn)
Talismans
 f - a blade talisman
Wands
 i - a wand of digging (7)
Scrolls
 b - a scroll of butterflies
Potions
 c - a potion of resistance
 e - a potion of degeneration


   Skills:
 + Level 4.0 Fighting
 - Level 1.7 Armour
 - Level 0.8 Dodging
 * Level 4.5 Unarmed Combat
 + Level 1.6 Shapeshifting


You had 4 spell levels left.
You didn't know any spells.
Your spell library was empty.

Dungeon Overview and Level Annotations

Branches:
Dungeon (4/15)
 Temple: D:4-7

Altars:

Shops:
D:3 [


Innate Abilities, Weirdness & Mutations

You are surrounded by a mild repulsion field. (EV +2)
You sometimes emit foul miasma when damaged in melee.
You regenerate magic rapidly.


Message History

The endoplasm attacks as it pursues you!
The endoplasm barely misses you.
Okay, then.
You hear a distant slurping noise.
The phantom attacks as it pursues you! The phantom hits you.
* * * LOW HITPOINT WARNING * * *
Xom adds some personal touches to your environment.
The phantom closely misses your butterfly.
You swap places.
The phantom barely misses your butterfly.
The endoplasm hits your butterfly.
Your butterfly dies!
Your butterfly disappears in a puff of smoke!
You swap places.
You hear the slow hiss of an avalanche of sand nearby.
The phantom barely misses your butterfly.
The endoplasm misses something.
Found 7 gold pieces.
The endoplasm misses your butterfly.
You now have 132 gold pieces (gained 7).
There are no items here.
The dart slug launches a dart at you. The slug dart misses you.
Xom smiles on you.
Your hands look sharp.
The orc attacks as it pursues you! The orc misses you.
The endoplasm jiggles.
The endoplasm attacks as it pursues you!
The endoplasm hits you.
* * * LOW HITPOINT WARNING * * *
You hit the endoplasm.
The endoplasm is moderately wounded.
The endoplasm freezes you.
You are frozen.
* * * LOW HITPOINT WARNING * * *
You hit the endoplasm.
The endoplasm is almost dead.
The endoplasm freezes you.
You are frozen.
You die...
Xom cackles wildly!

#...#.# #...#.#
#########.....# .
#...........b# ..
##..########.#
... ##...b.## #.#
... #####..###.#
..##. ∆
##...Jo####......
##b.JWwJ@.$.....
#.######...###.∆
##.#####....#
##.JJ..#....##
#.............
#......).##.##
#....w...# .#
###..>.....# .#
###...#.....##<


You could see a phantom, a dart slug, an orc and 3 endoplasms.

Vanquished Creatures
  Natasha (thrice) (D:2)
  Robin (D:2)
  2 adders
  A dart slug (D:2)
  A ribbon worm (D:2)
  3 orcs (D:3)
  11 endoplasms
  A giant cockroach (D:3)
  17 goblins
  9 hobgoblins
  3 kobolds
  3 quokkas
  5 ball pythons
  6 frilled lizards
  3 rats
69 creatures vanquished.

Notes
Turn   | Place    | Note
-------+----------+-------------------------------------------
     0 | D:1      | solopath the Demonspawn Chaos Knight began the quest for
                  | the Orb.
     0 | D:1      | Reached XP level 1. HP: 18/18 MP: 1/1
   148 | D:1      | XOM: divination: detect creatures
   271 | D:1      | Gained mutation: You regenerate magic rapidly. [demonic
                  | ancestry]
   271 | D:1      | Reached XP level 2. HP: 24/24 MP: 2/2
   466 | D:1      | XOM: cloud trail
   628 | D:1      | XOM: silly message
   896 | D:2      | Gained mutation: You may rarely emit foul miasma when
                  | damaged in melee. [demonic ancestry]
   896 | D:2      | Reached XP level 3. HP: 18/29 MP: 3/3
  1082 | D:2      | XOM: divination: magic mapping
  1165 | D:2      | XOM: silly message
  1225 | D:2      | Noticed Robin
  1233 | D:2      | Killed Robin
  1234 | D:2      | Reached skill level 1 in Shapeshifting
  1234 | D:2      | Gained mutation: You are surrounded by a mild repulsion
                  | field. (EV +2) [demonic ancestry]
  1234 | D:2      | Reached XP level 4. HP: 22/35 MP: 4/4
  1423 | D:2      | Noticed Natasha
  1424 | D:2      | XOM: summons 2 friendly demons
  1435 | D:2      | Killed Natasha
  1504 | D:2      | XOM: god gift: scroll labelled LUVVOUGHIST {god gift}
  1562 | D:2      | Noticed Natasha
  1564 | D:2      | XOM: summons 2 friendly demons
  1570 | D:2      | Killed Natasha
  1584 | D:2      | Noticed Natasha
  1594 | D:2      | XOM: cleaving
  1597 | D:2      | XOM: summons friendly ufetubus
  1604 | D:2      | Killed Natasha
  1605 | D:2      | Gained mutation: You sometimes emit foul miasma when
                  | damaged in melee. [demonic ancestry]
  1605 | D:2      | Reached XP level 5. HP: 20/42 MP: 5/5
  2048 | D:3      | Found Warhaotaqot's Armour Emporium.
  2049 | D:3      | Noticed an animated gold dragon scales
  2050 | D:3      | Noticed an animated plate armour
  2143 | D:3      | Found a faded altar of an unknown god.
  2457 | D:3      | XOM: cloud trail
  2573 | D:3      | XOM: scenery: summon butterflies
  2619 | D:4      | Noticed a phantom
  2621 | D:4      | XOM: divination: detect items
  2635 | D:4      | HP: 2/42 [phantom (1)]
  2642 | D:4      | HP: 1/42 [phantom (3)]
  2643 | D:4      | XOM: scenery: summon butterflies
  2660 | D:4      | XOM: cleaving
  2664 | D:4      | HP: 2/42 [frozen (3)]
  2665 | D:4      | Frozen to death by an endoplasm

Illustrated notes

Levels and vault maps discovered:
D:1:      kilobyte_arrival_exit_the_forest, layout_loops_cross, minivault_23
D:2:      layout_loops_ring, minmay_misc_feat_tiny, uniq_natasha, uniq_robin
D:3:      layout_loops_ring, serial_shops, nicolae_shop_mannequins,
          shapermc_ecumenical_altar_gd
D:4:      layout_rooms, zin_purify, minmay_temple_entry_glassed_door,
          mainiacjoe_ossuary_entry_find_the_door, minmay_misc_feat_tower,
          minmay_snake_closets, uniq_ijyb, uniq_menkaure, uniq_grinder

Skill      XL: |  1  2  3  4  5 |
---------------+----------------+-----
Unarmed Combat | 3 4 |  4.5
Shapeshifting  | 1 |  1.6
Fighting       | 4 |  4.0
Armour         | |  1.7
Dodging        | |  0.8

Action                     |  1- 3 |  4- 6 || total
---------------------------+-------+-------++-------
  Melee: Unarmed           |   131 |   115 ||   246
         Punch             |     2 |     3 ||     5
    Use: Scroll            |       |     5 ||     5
         Potion            |       |     2 ||     2
 Armour: Leather armour    |    58 |    59 ||   117
  Dodge: Dodged            |    53 |    57 ||   110
